 Dungeon Crawl Stone Soup version 0.17-a0-157-g289cc6a (webtiles) character file.

67 BluebellGnoll the Sneak (level 4, 0/23 HPs)
             Began as a Spriggan Abyssal Knight on Mar 26, 2015.
             Was a Believer of Lugonu.
             Succumbed to Crazy Yiuf's poison
             ... on level 2 of the Dungeon.
             The game lasted 00:07:07 (1743 turns).

BluebellGnoll the Sneak (Spriggan Abyssal Knight)   Turns: 1743, Time: 00:07:07

Health: 0/23       AC:  7    Str:  8    XL:     4   Next: 0%
Magic:  2/9        EV: 17    Int: 14    God:    Lugonu [**....]
Gold:   123        SH:  8    Dex: 15    Spells: 0 memorised, 3 levels left

rFire  . . .     SeeInvis +     h - +1 dagger (protect)
rCold  + . .     Clarity  .     b - +0 robe
rNeg   . . .     SustAb   .     n - +3 buckler
rPois  +         Gourm    .     (helmet restricted)
rElec  .         Spirit   +     (no cloak)
rCorr  .         Warding  .     (gloves unavailable)
rMut   .         Stasis   .     (boots unavailable)
MR     .....                    m - amulet of guardian spirit
Stlth  ++++......               u - ring of poison resistance
                                j - ring of protection from cold

@: lethally poisoned (0 -> -17), very quick, not resistant to hostile
enchantments, stealthy
A: unfitting armour, see invisible, herbivore 3, speed 3, slow metabolism 2
a: Depart the Abyss, Bend Space, Renounce Religion


You were on level 2 of the Dungeon.
You worshipped Lugonu.
Lugonu was pleased with you.
You were full.

You visited 1 branch of the dungeon, and saw 2 of its levels.
You visited the Abyss 1 time.

You collected 123 gold pieces.

Inventory:

Hand weapons
 a - a +1 short sword
 h - a +1 dagger of protection (weapon)
Missiles
 k - 14 poisoned needles
 p - 3 tomahawks (quivered)
Armour
 b - a +0 robe (worn)
 n - a +3 buckler (worn)
Jewellery
 j - a ring of protection from cold (left hand)
 m - an amulet of guardian spirit (around neck)
 u - a ring of poison resistance (right hand)
Scrolls
 d - a scroll of magic mapping
 t - a scroll of teleportation
Potions
 f - 2 potions of haste {unknown}
 i - a potion of resistance
 q - a potion of invisibility {unknown}
 s - a potion of restore abilities {unknown}
 w - a potion of cancellation
Comestibles
 c - a bread ration


   Skills:
 - Level 2.4 Fighting
 - Level 2.1 Short Blades
 - Level 3.5 Dodging
 + Level 5.9 Stealth
 - Level 1.7 Invocations


You had 3 spell levels left.
You didn't know any spells.

Dungeon Overview and Level Annotations

Branches:
Dungeon (2/15)

Altars:

Annotations:
D:2 Crazy Yiuf


Innate Abilities, Weirdness & Mutations

You are tiny and cannot use many weapons and most armour.
You have supernaturally acute eyesight.
You are a herbivore.
You cover ground extremely quickly.
You need consume almost no food.


Message History

Crazy Yiuf is moderately wounded.
Crazy Yiuf hits you with a quarterstaff of chaos!
* * * LOW HITPOINT WARNING * * *
You are lethally poisoned!
The kobold shouts!
You hit Crazy Yiuf but do no damage.
Crazy Yiuf is moderately wounded.
* * * LOW HITPOINT WARNING * * *
You feel sick.
The kobold throws a stone.
The stone closely misses you. Crazy Yiuf misses you.
* * * LOW HITPOINT WARNING * * *
You feel sick.
Drink which item? (? for menu, Esc to quit)
It was a potion of cancellation.
Your magical effects are unravelling.
You feel magically purged.
Your resistance to elements expires.
* * * LOW HITPOINT WARNING * * *
You feel sick.
You die...

#......# ###'#####
#######......# #........
#.....#......###........
#...).'........'...>..(.
#.....#..[...###........
***** #.....#......#
#........ *,,,*
###.###......# #........
*,,,* #.# #......#
#........ *,,,* #.#
#@.....# #........ **,**
###'###......# #########
*,** #.....g...#### **,*
#.........# *,♣♣
#.........# ♣♣.*
#.........###### ♣♣.♣♣
#.......K......# ♣♣P).♣
#.........####.# ♣..PP♣
#.........# #.#


You could see Crazy Yiuf and a kobold.

Vanquished Creatures
  Jessica (D:2)
  An adder (D:2)
  2 giant geckos (D:2)
  A ball python (D:2)
  3 bats (D:1)
  2 giant cockroaches (D:2)
  5 hobgoblins
  5 jackals
  A quokka (D:2)
  2 giant newts
  6 goblins
  2 kobolds
  5 rats
36 creatures vanquished.

Notes
Turn   | Place    | Note
--------------------------------------------------------------
     0 | Abyss:1  | BluebellGnoll, the Spriggan Abyssal Knight, began the quest for the Orb.
     0 | Abyss:1  | Reached XP level 1. HP: 11/11 MP: 2/2
   102 | Abyss:1  | Noticed a sixfirhy
   105 | D:1      | Escaped the Abyss
   157 | D:1      | Reached skill level 1 in Stealth
   176 | D:1      | Acquired Lugonu's first power
   459 | D:1      | Reached XP level 2. HP: 16/16 MP: 2/4
   966 | D:2      | Reached skill level 4 in Stealth
  1036 | D:2      | Reached XP level 3. HP: 17/19 MP: 6/6
  1208 | D:2      | Acquired Lugonu's second power
  1214 | D:2      | Reached skill level 5 in Stealth
  1261 | D:2      | Noticed Jessica
  1560 | D:2      | Killed Jessica
  1611 | D:2      | Reached XP level 4. HP: 20/23 MP: 9/9
  1720 | D:2      | Noticed Crazy Yiuf
  1742 | D:2      | HP: 1/23 [poisoned by Crazy Yiuf]
  1743 | D:2      | Succumbed to Crazy Yiuf's poison

Action                   |  1- 3 |  4- 6 || total
-------------------------+-------+-------++-------
Melee: Dagger            |   150 |    14 ||   164
       Short sword       |     6 |       ||     6
Throw: Tomahawk          |     3 |       ||     3
Invok: Depart the Abyss  |     1 |       ||     1
  Use: Scroll            |     8 |       ||     8
       Potion            |     1 |     2 ||     3
 Stab: Sleeping          |     6 |       ||     6
  Eat: Pizza             |     1 |       ||     1
       Royal jelly       |     1 |       ||     1
